 Dungeon Crawl Stone Soup version 0.20.1-1-g8b1a95d (webtiles) character file.

126 RollingDesktops the Cudgeler (level 4, 0/38 HPs)
             Began as a Draconian Warper on Jan 3, 2018.
             Slain by an adder (2 damage)
             ... on level 3 of the Dungeon.
             The game lasted 00:13:03 (2613 turns).

RollingDesktops the Cudgeler (Draconian Warper)     Turns: 2613, Time: 00:13:04

Health: 0/38       AC:  5    Str: 13    XL:     4   Next: 83%
Magic:  7/7        EV: 12    Int: 15    God:
Gold:   74         SH:  0    Dex: 10    Spells: 7/7 levels left

rFire    . . .     SeeInvis .   a - +0 mace
rCold    . . .     Gourm    .   (no shield)
rNeg     . . .     Faith    .   (armour unavailable)
rPois    .         Spirit   .   (helmet restricted)
rElec    .         Reflect  .   (no cloak)
rCorr    .         Harm     .   (no gloves)
MR       .....                  (no boots)
Stlth    +.........             (no amulet)
Regen    0.2/turn               (no ring)
MPRegen  0.1/turn               (no ring)

@: drained
A: unfitting armour, cold-blooded, AC +5
a: no special abilities


You were on level 3 of the Dungeon.
You were not hungry.

You visited 1 branch of the dungeon, and saw 3 of its levels.

You collected 74 gold pieces.

Inventory:

Hand Weapons
 a - a +0 mace (weapon)
Jewellery
 d - an uncursed ring of protection from magic {unknown}
Scrolls
 l - a scroll of teleportation
Potions
 e - a potion of agility {unknown}
 g - a potion of curing
 h - a potion of berserk rage {unknown}
Books
 b - a book of Spatial Translocations

   Spells                             Type                      Level
   a - Blink                          Translocation                2
   b - Shroud of Golubria             Charms/Translocation         2
   c - Lesser Beckoning               Translocation                3
   d - Gell's Gravitas                Translocation                3
   e - Teleport Other                 Translocation                3
   f - Passage of Golubria            Translocation                4
Comestibles
 c - a bread ration
 i - a royal jelly


   Skills:
 + Level 3.2(3.0) Fighting
 + Level 3.6(3.3) Maces & Flails
 + Level 1.1(0.8) Throwing
 + Level 2.9(2.7) Dodging
 + Level 0.4(0.1) Stealth
 + Level 2.1(1.9) Spellcasting
   Level 3.0(2.7) Translocations


You had 7 spell levels left.
You didn't know any spells.

Dungeon Overview and Level Annotations

Branches:
Dungeon (3/15)

Altars:

Annotations:
D:2 Natasha
D:3 Sigmund


Innate Abilities, Weirdness & Mutations

Your plain brown scales are hard. (AC +5)
You cannot fit into any form of body armour.
You are cold-blooded and may be slowed by cold attacks.


Message History

The kobold closely misses you.
You closely miss the kobold. The kobold hits you but does no damage.
Sigmund mumbles some strange words.
Sigmund flickers and vanishes!
Deactivating autopickup; reactivate with Ctrl-A.
You closely miss the kobold. The kobold barely misses you. Something hits you.
* * * LOW HITPOINT WARNING * * *
The kobold hits you but does no damage.
As you read the scroll labeled XOBIFUN KOON, it crumbles to dust.
You feel strangely unstable.
It was a scroll of teleportation.
The adder barely misses you. Something hits you!
* * * LOW HITPOINT WARNING * * *
The kobold hits you with an enchanted dagger.
* * * LOW HITPOINT WARNING * * *
The adder closely misses you. Something completely misses you.
The adder bites you.
* * * LOW HITPOINT WARNING * * *
Your surroundings seem slightly different.
The adder bites you.
You die...

#.#.#..###.# #..#
..###[..###.###..### ##
#.................#
#.#.#.###)##.#.#.#.#
###.#.#.##......###..##.
...............## #...
###.....[...##.K## ....
#####.######.#.#.#.##
#.# #.S@....# #.#
####.#### #.# .# #.# ..
#.# ... #.# ####


You could see an adder and a kobold.

Vanquished Creatures
  Jessica (D:3)
  Natasha (D:2)
  2 adders (D:2)
  An ooze (D:2)
  2 worms
  3 dart slugs
  A leopard gecko (D:2)
  3 orcs (D:3)
  A ball python (D:2)
  2 bats
  4 giant cockroaches (D:1)
  4 goblins
  2 hobgoblins
  5 kobolds
  A quokka (D:2)
  2 frilled lizards
  5 rats
40 creatures vanquished.

Notes
Turn   | Place    | Note
-------+----------+-------------------------------------------
     0 | D:1      | RollingDesktops the Draconian Warper began the quest for the Orb.
     0 | D:1      | Reached XP level 1. HP: 17/17 MP: 3/3
   204 | D:1      | Reached XP level 2. HP: 25/25 MP: 5/5
   709 | D:1      | Reached skill level 1 in Throwing
  1303 | D:2      | Reached XP level 3. HP: 27/30 MP: 6/6
  1862 | D:2      | Noticed Natasha
  1885 | D:2      | Killed Natasha
  1885 | D:2      | Reached XP level 4. HP: 23/38 MP: 7/7
  1919 | D:2      | Noticed Natasha
  2224 | D:3      | Noticed Jessica
  2235 | D:3      | Killed Jessica
  2589 | D:3      | Noticed Sigmund
  2604 | D:3      | HP: 1/38 [adder (2)]
  2613 | D:3      | Slain by an adder

Skill      XL: |  1  2  3 |
---------------+----------+-----
Throwing       | 1 |  1.1
Fighting       | 3 |  3.2
Maces & Flails | 3 |  3.6
Dodging        | |  2.9
Stealth        | |  0.4
Spellcasting   | |  2.1
Translocations | |  3.0

Action                   |  1- 3 |  4- 6 || total
-------------------------+-------+-------++-------
Melee: Mace              |   127 |    61 ||   188
       Tailslap          |     9 |     5 ||    14
Throw: Tomahawk          |     5 |       ||     5
  Use: Scroll            |     3 |     3 ||     6
       Potion            |     2 |     1 ||     3
  Eat: Bread ration      |     1 |       ||     1
       Royal jelly       |     1 |       ||     1
Armor: Skin              |    67 |    21 ||    88
Dodge: Dodged            |   101 |    51 ||   152
